 Dungeon Crawl Stone Soup version 0.22-a0-617-g6d95e9e (webtiles) character file.

4181 Supahsalami the Cleaver (level 10, -3/91 HPs)
             Began as a Minotaur Berserker on July 12, 2018.
             Was an Elder of Trog.
             Slain by a scorpion (5 damage)
             ... on level 8 of the Dungeon.
             The game lasted 00:32:15 (11469 turns).

Supahsalami the Cleaver (Minotaur Berserker)       Turns: 11469, Time: 00:32:16

Health: -3/91      AC:  6    Str: 25    XL:     10   Next: 8%
Magic:  9/9        EV: 12    Int:  4    God:    Trog [****..]
Gold:   406        SH:  0    Dex: 10    Spells: 9/9 levels left

rFire    + . .     SeeInvis .   y - +2 mace (pain)
rCold    . . .     Gourm    .   (no shield)
rNeg     . . .     Faith    .   z - +2 leather armour {rF+}
rPois    .         Spirit   .   (helmet restricted)
rElec    .         Reflect  .   (no cloak)
rCorr    .         Harm     .   (no gloves)
MR       ++...                  (no boots)
Stlth    +.........             (no amulet)
HPRegen  1.25/turn              (no ring)
MPRegen  0.11/turn              (no ring)

@: regenerating
A: retaliatory headbutt, horns 2
a: Berserk, Trog's Hand, Brothers in Arms, Renounce Religion


You were on level 8 of the Dungeon.
You worshipped Trog.
Trog was greatly pleased with you.
You were near starving.

You visited 2 branches of the dungeon, and saw 9 of its levels.
You also visited: Ossuary.

You collected 406 gold pieces.

Inventory:

Hand Weapons
 a - a +0 hand axe
 q - a +0 hand crossbow
 y - a +2 mace of pain (weapon)
 F - a +1 halberd of freezing
 G - a cursed +5 long sword
 H - a cursed +5 halberd
 I - a cursed +3 battleaxe
 K - a +0 mace of crushing
Missiles
 c - 4 throwing nets
 o - 40 sling bullets
 u - 3 tomahawks (quivered)
 x - 23 bolts
Armour
 f - a +0 chain mail
 m - a +0 leather armour
 n - a +1 ring mail
 z - a +2 leather armour of fire resistance (worn)
Wands
 s - a wand of iceblast (8)
 v - a wand of scattershot (3)
 D - a wand of flame (34)
Scrolls
 b - 4 scrolls of blinking
 e - 3 scrolls of immolation
 h - 2 scrolls of noise
 k - a scroll of enchant weapon {unknown}
 p - 2 scrolls of enchant armour
 t - 3 scrolls of teleportation {unknown}
 E - 2 scrolls of holy word {unknown}
 J - a scroll of fog {unknown}
Potions
 g - a potion of lignification
 i - 6 potions of curing
 j - 4 potions of heal wounds
 l - a potion of haste
 r - 2 potions of flight
 w - a potion of mutation
 A - a potion of degeneration
 B - 2 potions of magic
 C - a potion of cancellation {unknown}
Comestibles
 d - 9 rations


   Skills:
 + Level 9.5 Fighting
 * Level 12.5 Axes
 + Level 9.1 Armour
 - Level 2.3 Dodging


You had 9 spell levels left.
You didn't know any spells.
Your spell library was empty.

Dungeon Overview and Level Annotations

Branches:
Dungeon (8/15)             Temple (1/1) D:7
   Lair: D:8-11

Altars:
Ashenzari
Cheibriados
Dithmenos
Elyvilon
Fedhas
Gozag
Hepliaklqana
Kikubaaqudgha
Makhleb
Nemelex Xobeh
Okawaru
Qazlal
Ru
Sif Muna
Trog
Uskayaw
Vehumet
Wu Jian
Xom
Yredelemnul
Zin
The Shining One


Innate Abilities, Weirdness & Mutations

You reflexively headbutt those who attack you in melee.
You have a pair of horns on your head.


Message History

The black bear barely misses you. The black bear claws you.
* * * LOW HITPOINT WARNING * * *
The black bear misses you.
Your skin crawls.
You feel resistant to hostile enchantments.
You are near starving!
The black bear bites you.
* * * LOW HITPOINT WARNING * * *
The black bear claws you but does no damage.
The black bear closely misses you.
Okay, then.
You hit the black bear but do no damage.
Your headbutt misses the black bear.
The black bear is severely wounded.
The black bear bites you.
* * * LOW HITPOINT WARNING * * *
The black bear closely misses you. The black bear claws you.
* * * LOW HITPOINT WARNING * * *
The scorpion stings you.
You die...

P(P. #..# .(h.
#..# ...P #..# P
.h #..# . #r #..#
... #( #..#
.....#.###..#####
...^....$.s.#...#
.....#.###h@....#
... #. ####...# .
.. ##.## ### #.#
#.# #.# #.# #.#
#.#


You could see a black bear (berserk) and a scorpion.

Vanquished Creatures
  2 hippogriffs
  A yak (D:7)
  2 hungry ghosts
  A porcupine (D:8)
  A black bear (D:8)
  An orc warrior (D:7)
  4 sky beasts
  A necrophage (D:6)
  2 phantoms
  3 ogres
  A centaur (D:6)
  2 big kobolds (D:7)
  2 bullfrogs (D:7)
  3 scorpions
  A howler monkey (D:4)
  4 wights (D:6)
  2 crimson imps
  4 centaur zombies (Ossuary)
  2 bullfrog zombies
  5 hounds
  2 bullfrog skeletons
  2 jellies (D:4)
  2 orc priests (D:7)
  Jessica (D:2)
  2 iguanas (D:5)
  5 orc wizards
  8 worker ants
  6 big kobold zombies (Ossuary)
  5 mummies (Ossuary)
  A worker ant zombie (D:6)
  A howler monkey skeleton (D:4)
  17 adders
  3 gnolls (D:6)
  2 shadow imps (D:5)
  8 oozes
  2 adder zombies (D:7)
  An adder skeleton (D:6)
  2 worms (D:3)
  2 dart slugs
  5 leopard geckos
  21 orcs
  2 ball pythons
  3 giant cockroaches
  3 goblins
  6 hobgoblins
  19 jackals
  19 kobolds
  7 quokkas
  8 bats
  A frilled lizard (D:1)
  A hobgoblin zombie (Ossuary)
  3 rats
  A fungus (D:4)
215 creatures vanquished.

Vanquished Creatures (others)
  8 toadstools (D:4)
8 creatures vanquished.

Grand Total: 223 creatures vanquished

Notes
Turn   | Place    | Note
-------+----------+-------------------------------------------
     0 | D:1      | Supahsalami the Minotaur Berserker began the quest for the Orb.
     0 | D:1      | Reached XP level 1. HP: 19/19 MP: 0/0
   217 | D:1      | Reached XP level 2. HP: 21/27 MP: 1/1
   418 | D:1      | Reached skill level 4 in Axes
   936 | D:2      | Reached ** piety under Trog
   992 | D:2      | Reached XP level 3. HP: 23/33 MP: 2/2
  1503 | D:2      | Noticed an ogre
  1630 | D:2      | Noticed Jessica
  2050 | D:2      | Killed an ogre
  2050 | D:2      | Reached skill level 5 in Axes
  2050 | D:2      | Reached XP level 4. HP: 23/41 MP: 3/3
  2050 | D:2      | Reached XP level 5. HP: 26/47 MP: 4/4
  2271 | D:2      | Killed Jessica
  2740 | D:3      | Reached skill level 5 in Fighting
  3510 | D:3      | Reached skill level 6 in Axes
  4229 | D:4      | Reached XP level 6. HP: 50/56 MP: 5/5
  4740 | D:4      | Reached skill level 7 in Axes
  4740 | D:4      | Reached XP level 7. HP: 38/62 MP: 6/6
  4757 | D:4      | Reached skill level 5 in Armour
  4967 | D:4      | Found an ornate altar of the Wu Jian Council.
  5864 | D:5      | Entered Level 5 of the Dungeon
  5870 | D:4      | Reached skill level 8 in Axes
  5881 | D:5      | Reached *** piety under Trog
  6266 | D:5      | Reached XP level 8. HP: 64/71 MP: 7/7
  6495 | D:6      | Found a sand-covered staircase.
  6528 | Ossuary  | Entered an ossuary
  7421 | Ossuary  | Reached skill level 9 in Axes
  7945 | D:6      | Noticed a hippogriff
  7963 | D:6      | Killed a hippogriff
  8258 | D:6      | Reached skill level 10 in Axes
  8884 | D:6      | Reached XP level 9. HP: 77/81 MP: 8/8
  8926 | D:6      | Reached **** piety under Trog
  9237 | D:7      | Found a staircase to the Ecumenical Temple.
  9617 | D:7      | Reached skill level 11 in Axes
 10867 | Temple   | Entered the Ecumenical Temple
 11252 | D:8      | Reached skill level 12 in Axes
 11448 | D:8      | Reached XP level 10. HP: 58/91 MP: 9/9
 11469 | D:8      | HP: 2/91 [black bear (3)]
 11469 | D:8      | Slain by a scorpion

Vault maps used:
D:1:      erik_arrival_triangle_small
D:2:      uniq_jessica
D:3:      first_ration
D:4:      cheibrodos_fertilizer, kennysheep_little_box, grunt_ministairs_14
D:6:      nicolae_ossuary_entry_monument
D:7:      minmay_temple_entry_grid
D:8:      due_lair_maze_entry_diamond
Temple:   kilobyte_greek_temple
Ossuary:  ossuary_the_hunt_dpeg

Skill      XL: |  1  2  3  4  5  6  7  8  9 10 |
---------------+-------------------------------+-----
Fighting       | 4 5 6 8 9 |  9.5
Axes           | 4 5 6 7 8 10 12 | 12.5
Armour         | 3 4 5 7 8 9 |  9.1
Dodging        | |  2.3

Action                   |  1- 3 |  4- 6 |  7- 9 | 10-12 || total
-------------------------+-------+-------+-------+-------++-------
Melee: Hand axe          |    48 |    86 |   213 |       ||   347
       Headbutt          |     2 |    14 |    83 |     5 ||   104
       Hunting sling     |       |     8 |       |       ||     8
       Mace              |       |       |   256 |    18 ||   274
 Fire: Hunting sling     |    24 |    35 |       |       ||    59
       Hand crossbow     |       |       |    49 |       ||    49
Throw: Tomahawk          |       |       |    10 |       ||    10
       Throwing net      |       |       |     9 |       ||     9
Invok: Berserk           |     1 |       |     5 |       ||     6
       Trog's Hand       |       |     1 |     4 |     1 ||     6
  Use: Scroll            |     9 |     1 |     7 |       ||    17
  Eat: Chunk             |     1 |     9 |    19 |       ||    29
       Ration            |     1 |       |     3 |       ||     4
Armor: Animal skin       |     6 |       |       |       ||     6
       Leather armour    |    10 |       |    84 |    12 ||   106
       Ring mail         |     2 |    50 |    54 |       ||   106
Dodge: Dodged            |    63 |    75 |   253 |    12 ||   403

Table legend:
 A = Spawn XP
 B = Non-spawn XP
 C = Spawn XP percentage of total XP
 D = Spawn monster count
 E = Non-spawn monster count
 F = Spawn count percentage of total count
 G = Total turns spent on level
                    A         B        C        D         E        F      G
               +---------+---------+-------+---------+---------+-------+---------
         Total |       0 |    5973 |   0.0 |       0 |     214 |   0.0 | 11469
               +---------+---------+-------+---------+---------+-------+---------
           D:1 |       0 |      35 |   0.0 |       0 |      20 |   0.0 |   908
           D:2 |       0 |     209 |   0.0 |       0 |      15 |   0.0 |  1838
           D:3 |       0 |     127 |   0.0 |       0 |      19 |   0.0 |  1474
           D:4 |       0 |     743 |   0.0 |       0 |      43 |   0.0 |  1714
           D:5 |       0 |     343 |   0.0 |       0 |      14 |   0.0 |   550
           D:6 |       0 |    1163 |   0.0 |       0 |      27 |   0.0 |  1528
           D:7 |       0 |    1829 |   0.0 |       0 |      46 |   0.0 |  1698
           D:8 |       0 |    1102 |   0.0 |       0 |      14 |   0.0 |   149
       Ossuary |       0 |     422 |   0.0 |       0 |      16 |   0.0 |  1366
               +---------+---------+-------+---------+---------+-------+---------
